 Dungeon Crawl Stone Soup version 0.20.0-8-g6b59dc7 (webtiles) character file.

95 Hasart the Skirmisher (level 4, 0/33 HPs)
             Began as an Octopode Fighter on May 30, 2017.
             Slain by an adder (5 damage)
             ... on level 2 of the Dungeon.
             The game lasted 00:04:20 (1388 turns).

Hasart the Skirmisher (Octopode Fighter)            Turns: 1388, Time: 00:04:21

Health: 0/33       AC:  1    Str: 15    XL:     4   Next: 66%
Magic:  4/4        EV: 12    Int: 10    God:
Gold:   87         SH:  9    Dex: 12    Spells: 3/3 levels left

rFire    . . .     SeeInvis .   a - +0 trident
rCold    . . .     Gourm    .   b - +0 shield
rNeg     . . .     Faith    .   (helmet restricted)
rPois    .         Spirit   .   (no amulet)
rElec    .         Reflect  .   (no ring)
rCorr    .         Harm     .   (no ring)
MR       .....                  (no ring)
Stlth    ++........             (no ring)
Regen    0.2/turn               (no ring)
MPRegen  0.1/turn               (no ring)
                                (no ring)
                                (no ring)

@: lethally poisoned (0 -> -16)
A: almost no armour, stealthy swim, amphibious, 8 rings, constrict 8, camouflage
1, gelatinous body 1
a: no special abilities


You were on level 2 of the Dungeon.
You were hungry.

You visited 1 branch of the dungeon, and saw 2 of its levels.

You collected 87 gold pieces.

Inventory:

Hand Weapons
 a - a +0 trident (weapon)
Armour
 b - a +0 shield (worn)
Scrolls
 f - 2 scrolls of recharging {unknown}
 h - a scroll of teleportation {unknown}
 k - 4 scrolls of identify {unknown}
Potions
 c - a potion of might
 g - a potion of ambrosia {unknown}
 j - 2 potions of heal wounds {unknown}
Comestibles
 d - 3 bread rations
 i - a meat ration


   Skills:
 + Level 3.7 Fighting
 * Level 3.0 Polearms
 + Level 3.6 Dodging
 + Level 3.5 Shields


You had 3 spell levels left.
You didn't know any spells.

Dungeon Overview and Level Annotations

Branches:
Dungeon (2/15)

Altars:
Nemelex Xobeh


Innate Abilities, Weirdness & Mutations

You cannot wear most types of armour.
You are very stealthy in the water. (Stealth+)
You are amphibious.
You can wear up to eight rings at the same time.
You can use your tentacles to constrict eight enemies at once.
Your skin changes colour to match your surroundings (Stealth+).
Your rubbery body absorbs attacks. (AC +1, EV +1)


Message History

* * * LOW HITPOINT WARNING * * *
You feel very sick. The gnoll misses you. The gnoll barely misses you.
You hit the gnoll.
The gnoll is severely wounded.
You constrict the gnoll, but do no damage.
* * * LOW HITPOINT WARNING * * *
You feel sick. The gnoll closely misses you. You block the gnoll's attack.
Unknown command.
Your shield prevents you from hitting the gnoll.
The gnoll is severely wounded.
You constrict the gnoll.
You kill the gnoll!
* * * LOW HITPOINT WARNING * * *
You feel sick. You block the gnoll's attack. You block the adder's attack.
You block the gnoll's attack.
It was a potion of magic.
Magic courses through your body.
* * * LOW HITPOINT WARNING * * *
You feel sick. The adder bites you.
You die...

#.#######.#### #.
.#.#..##.## #.# #.#
#>#.#......... #.##
#.#######.#.#.#.#####.##
#..#
#.........#.#.#.)....)..
##.#
#####..#####...........##
#.# #......#
#.........<... #.#
#.###.## ####.[#..####.##
#.# #.# #.####.....#..#
#..# #.# #.#
#...@Sg...##..# #⌠.⌠ #.#
#.# #.)###.#..##..# ._.
#.# #.# #..# #....##...
⌠.⌠ #.# ###.#
#..##.....##... ...
#.###.#.#
#..#..<....##### .(.
#....#..###..#.....#.# ##
#####........#.........
###.####......##### #.#
##.....#


You could see a gnoll and an adder.

Vanquished Creatures
  3 adders (D:2)
  3 gnolls (D:2)
  3 leopard geckos
  A giant cockroach (D:2)
  3 goblins (D:1)
  9 hobgoblins
  2 jackals (D:1)
  2 kobolds
  A ball python (D:2)
  2 bats
  A frilled lizard (D:1)
  8 rats
38 creatures vanquished.

Notes
Turn   | Place    | Note
-------+----------+-------------------------------------------
     0 | D:1      | Hasart the Octopode Fighter began the quest for the Orb.
     0 | D:1      | Reached XP level 1. HP: 16/16 MP: 1/1
     0 | D:1      | Upgraded the game from 0.20.0-7-g3b7b877 to 0.20.0-8-g6b59dc7
    37 | D:1      | Reached XP level 2. HP: 21/21 MP: 2/2
   817 | D:2      | Found a sparkling altar of Nemelex Xobeh.
   824 | D:2      | Reached XP level 3. HP: 26/26 MP: 3/3
  1076 | D:2      | Reached XP level 4. HP: 31/31 MP: 4/4
  1388 | D:2      | Slain by an adder

Skill      XL: |  1  2  3 |
---------------+----------+-----
Polearms       | 3 |  3.0
Fighting       | |  3.7
Dodging        | |  3.6
Shields        | |  3.5

Action                   |  1- 3 |  4- 6 || total
-------------------------+-------+-------++-------
Melee: Trident           |    53 |    17 ||    70
       Constrict         |    12 |     5 ||    17
       Tentacles         |     6 |     4 ||    10
  Use: Potion            |       |     1 ||     1
 Stab: Sleeping          |     9 |     1 ||    10
  Eat: Chunk             |       |     1 ||     1
Armor: Skin              |     3 |       ||     3
Dodge: Dodged            |    13 |     9 ||    22
Block: Shield            |    14 |     9 ||    23
